 Dungeon Crawl Stone Soup version 0.27.1-33-g824d729ab1 (webtiles) character file.

Game seed: 12275945982102536958

107 Cykl0x the Slasher (level 4, 0/27 HPs)
             Began as a Gargoyle Gladiator on Dec 21, 2021.
             Slain by an iguana (9 damage)
             ... on level 4 of the Dungeon.
             The game lasted 00:04:59 (2965 turns).

Cykl0x the Slasher (Gargoyle Gladiator)             Turns: 2965, Time: 00:04:59

Health: 0/27       AC:  9    Str: 19    XL:     4   Next: 86%
Magic:  6/6        EV: 11    Int:  8    God:
Gold:   67         SH:  0    Dex: 11    Spells: 5/5 levels left

rFire    . . .     SeeInvis .   a - +0 long sword
rCold    . . .     Faith    .   (no shield)
rNeg     + . .     Spirit   .   f - +0 ring mail
rPois    ∞         Reflect  .   m - +1 hat
rElec    +         Harm     .   (no cloak)
rCorr    .         Rampage  .   (no gloves)
Will     .....                  (no boots)
Stlth    +.........             (no amulet)
HPRegen  0.09/turn              (no ring)
MPRegen  0.10/turn              (no ring)

@: no status effects
A: sickness immunity, AC +3, negative energy resistance 1, electricity
resistance, torment resistance 1, petrification resistance
a: no special abilities


You were on level 4 of the Dungeon.
You visited 1 branch of the dungeon, and saw 4 of its levels.

You collected 67 gold pieces.

Inventory:

Hand Weapons
 a - a +0 long sword (weapon)
Missiles
 d - 58 stones
 n - a poisoned dart (quivered)
Armour
 b - a +0 leather armour
 c - a +0 helmet
 f - a +0 ring mail (worn)
 m - a +1 hat (worn)
Wands
 o - a wand of iceblast (9)
Scrolls
 e - 3 scrolls of fog
 g - a scroll of identify
 l - 2 scrolls of magic mapping
Potions
 h - 2 potions of heal wounds
 i - a potion of curing
 j - a potion of lignification
 p - 2 potions of berserk rage


   Skills:
 + Level 2.4 Fighting
 + Level 3.5 Long Blades
 + Level 2.1 Throwing
 + Level 1.2 Armour
 + Level 2.6 Dodging
 * Level 1.4 Spellcasting
 * Level 1.2 Conjurations


You had 5 spell levels left.
You didn't know any spells.
Your spell library contained the following spells:

 Spells                   Type           Power      Damage    Failure   Level
 Frozen Ramparts          Ice            0%         1d2       89%         3
 Ice Form                 Ice/Tmut       0%         N/A       100%        4
 Summon Ice Beast         Ice/Summ       0%         N/A       100%        4


Dungeon Overview and Level Annotations

Branches:
Dungeon (4/15)
 Temple: D:4-7

Altars:

Shops:
D:4 (

Annotations:
D:2 Natasha


Innate Abilities, Weirdness & Mutations

You are immune to sickness and miasma.
Your stone body is resilient. (AC +3)
You are immune to poison.
You resist negative energy. (rN+)
You are resistant to electric shocks. (rElec)
You are resistant to unholy torment.
You are immune to petrification.


Message History

(D) Dungeon
Where to? (Enter - D:3, ? - help)
There is a stone staircase leading down here.
You climb downwards.
The iguana hisses angrily.
Found a book of Frost, a scale mail and 14 poisoned darts.
Found Willeb's Weapon Shoppe.
Found a stone staircase leading down.
There is a stone staircase leading up here.
An iguana is nearby!
Press: ? - help, v - describe, . - travel Willeb's Weapon Shoppe.
You throw a poisoned dart. The poisoned dart hits the iguana.
The iguana is poisoned.
You throw a poisoned dart.
The poisoned dart barely misses the iguana.
You hit the iguana.
The iguana is heavily wounded.
The iguana bites you. x2
You barely miss the iguana.
The iguana is heavily wounded.
The iguana bites you but does no damage.
You completely miss the iguana.
The iguana is severely wounded.
The iguana closely misses you.
You riposte.
You hit the iguana but do no damage.
The iguana is severely wounded.
You barely miss the iguana.
The iguana is severely wounded.
The iguana bites you but does no damage.
You barely miss the iguana.
The iguana is severely wounded.
The iguana looks more healthy.
The iguana bites you. The iguana bites you!
You are too injured to fight recklessly!
You are too injured to fight recklessly!
You are too injured to fight recklessly!
You are too injured to fight recklessly!
You closely miss the iguana.
The iguana is almost dead.
The iguana bites you!
You die...

#.#.## ....8#
###.(....
#....>...
###........
#....∩....#
#........#
#..@.....#
#...l..:...#
....#8(.[..#.##
... ####...# .
..... .##### .#
.#


You could see an iguana.

Vanquished Creatures
  Terence (D:2)
  3 adders (D:3)
  A worm (D:2)
  3 dart slugs
  An orc (D:3)
  3 ball pythons
  5 bats
  An endoplasm (D:2)
  A giant cockroach (D:3)
  2 goblins
  5 hobgoblins
  3 jackals (D:1)
  6 kobolds
  2 quokkas
  3 frilled lizards
  3 rats
43 creatures vanquished.

Notes
Turn   | Place    | Note
-------+----------+-------------------------------------------
     0 | D:1      | Cykl0x the Gargoyle Gladiator began the quest for the Orb.
     0 | D:1      | Reached XP level 1. HP: 12/12 MP: 1/1
   474 | D:1      | Reached XP level 2. HP: 17/17 MP: 2/2
   705 | D:1      | Found a faded altar of an unknown god.
  1090 | D:2      | Reached skill level 1 in Spellcasting
  1104 | D:2      | Reached XP level 3. HP: 13/21 MP: 4/4
  1242 | D:2      | Noticed Terence
  1264 | D:2      | Killed Terence
  1265 | D:2      | Reached skill level 3 in Long Blades
  1265 | D:2      | Reached skill level 1 in Armour
  1265 | D:2      | Reached skill level 1 in Conjurations
  1470 | D:2      | Reached XP level 4. HP: 27/27 MP: 5/5
  1924 | D:2      | Noticed Natasha
  2957 | D:4      | Found Willeb's Weapon Shoppe.
  2965 | D:4      | Slain by an iguana

Illustrated notes

Levels and vault maps discovered:
D:1:      matt_arrival_spirals, layout_basic,
          hellmonk_ecumenical_altar_dog_temple
D:2:      layout_basic, minmay_cut_off, uniq_natasha, uniq_terence
D:3:      layout_loops_ring, corexii_shack
D:4:      layout_loops_ring, serial_shops, nicolae_stop_n_shop_1, uniq_edmund

Skill      XL: |  1  2  3 |
---------------+----------+-----
Spellcasting   | 1 |  1.4
Throwing       | 2 |  2.1
Long Blades    | 3 |  3.5
Armour         | 1 |  1.2
Conjurations   | 1 |  1.2
Fighting       | |  2.4
Dodging        | |  2.6

Action                   |  1- 3 |  4- 6 || total
-------------------------+-------+-------++-------
Melee: Long sword        |    71 |    66 ||   137
Throw: Throwing net      |    12 |       ||    12
       Stone             |    20 |     6 ||    26
       Dart              |       |    22 ||    22
  Use: Scroll            |     6 |     6 ||    12
       Potion            |     1 |       ||     1
 Stab: Held in net/web   |     3 |       ||     3
Armor: Leather armour    |    21 |       ||    21
       Ring mail         |     2 |    31 ||    33
Dodge: Dodged            |    47 |    41 ||    88
       Rpst.: Long sword |    13 |    11 ||    24
